 Dungeon Crawl Stone Soup version 0.24-a0-446-g87df7205b4 (webtiles) character file.

Game seed: 13596132254814247471

74 Craser22 the Chopper (level 4, -2/39 HPs)
             Began as a Minotaur Berserker on June 24, 2019.
             Was a Believer of Trog.
             Slain by Sigmund
             ... wielding a +0 scythe
              (6 damage)
             ... on level 2 of the Dungeon.
             The game lasted 00:04:43 (1641 turns).

Craser22 the Chopper (Minotaur Berserker)           Turns: 1641, Time: 00:04:43

Health: -2/39      AC:  8    Str: 22    XL:     4   Next: 10%
Magic:  3/3        EV:  8    Int:  4    God:    Trog [**....]
Gold:   89         SH:  0    Dex: 10    Spells: 3/3 levels left

rFire    . . .     SeeInvis .   a - +0 hand axe
rCold    . . .     Gourm    .   (no shield)
rNeg     . . .     Faith    .   o - +0 chain mail
rPois    .         Spirit   .   (helmet restricted)
rElec    .         Reflect  .   (no cloak)
rCorr    .         Harm     .   (no gloves)
MR       .....                  (no boots)
Stlth    ..........             (no amulet)
HPRegen  0.13/turn              (no ring)
MPRegen  0.08/turn              (no ring)

@: berserk cooldown
A: retaliatory headbutt, horns 2
a: Berserk, Trog's Hand, Renounce Religion


You were on level 2 of the Dungeon.
You worshipped Trog.
Trog was pleased with you.
You were not hungry.

You visited 1 branch of the dungeon, and saw 2 of its levels.

You collected 89 gold pieces.


Innate Abilities, Weirdness & Mutations

You reflexively headbutt those who attack you in melee.
You have a pair of horns on your head.


   Skills:
 - Level 3.6 Fighting
 + Level 6.0 Axes
 - Level 2.4 Armour
 - Level 2.1 Dodging


You had 3 spell levels left.
You didn't know any spells.
Your spell library was empty.

Inventory:

Hand Weapons
 a - a +0 hand axe (weapon)
Missiles
 n - 70 stones (quivered)
Armour
 k - a +1 pair of gloves
 l - a +2 pair of boots
 o - a +0 chain mail (worn)
Scrolls
 b - 2 scrolls of remove curse {unknown}
 e - a scroll of enchant weapon {unknown}
 i - 3 scrolls of teleportation {unknown}
 j - 2 scrolls of enchant armour {unknown}
 m - a scroll of fear {unknown}
Potions
 d - 3 potions of curing {unknown}
 f - a potion of degeneration {unknown}
 g - a potion of lignification {unknown}

Dungeon Overview and Level Annotations

Branches:
Dungeon (2/15)

Altars:

Annotations:
D:2 Sigmund

▒...▒▒........▒
▒..
▒...▒▒........▒
▒..
▒...▒▒........▒
▒..▒
▒...▒▒▒.▒▒▒▒▒▒▒
▒▒.. ▒...▒ ▒.▒
.. ▒... ▒.▒ ▒.▒
▒. ▒.▒
▒▒...▒▒▒H▒
▒......@.▒
▒........▒
▒/.......▒
▒........▒
.........▒
▒.......▒▒
▒.......▒
▒.......▒


You could see Sigmund.


Message History

You hear a zap.
Something tries to affect you, but you resist.
The now-empty wand crumbles to dust.
You barely miss something.
You feel less wooden. Something hits you!
* * * LOW HITPOINT WARNING * * *
Your chain mail prevents you from hitting something.
Sigmund appears from thin air!
Reactivating autopickup.
Sigmund hits you but does no damage.
You closely miss Sigmund.
Sigmund is lightly wounded.
Sigmund hits you but does no damage.
You hit Sigmund.
Sigmund is lightly wounded.
Sigmund hits you with a +0 scythe!
* * * LOW HITPOINT WARNING * * *
You closely miss Sigmund. Your headbutt misses Sigmund.
Sigmund is lightly wounded.
You feel yourself speed up. Sigmund closely misses you.
You furiously retaliate!
You headbutt Sigmund! You closely miss Sigmund.
You headbutt Sigmund, but do no damage.
Sigmund is heavily wounded.
Sigmund hits you with a +0 scythe.
You die...

Action                   |  1- 3 |  4- 6 || total
-------------------------+-------+-------++-------
Melee: Hand axe          |    74 |    19 ||    93
       Headbutt          |     8 |     1 ||     9
Invok: Berserk           |       |     1 ||     1
  Eat: Chunk             |     1 |       ||     1
       Ration            |       |     1 ||     1
Armor: Ring mail         |    16 |       ||    16
       Chain mail        |     5 |     5 ||    10
       Skin              |       |     4 ||     4
Dodge: Dodged            |    46 |     6 ||    52

Levels and vault maps discovered:
D:1:      scummos_arrival_simple_crosswalls, layout_loops_ring,
          minmay_door_square, minivault_26
D:2:      layout_basic, elyvilon_altar_5, uniq_sigmund

Notes
Turn   | Place    | Note
-------+----------+-------------------------------------------
     0 | D:1      | Craser22 the Minotaur Berserker began the quest for the
                  | Orb.
     0 | D:1      | Reached XP level 1. HP: 19/19 MP: 0/0
   102 | D:1      | Reached skill level 4 in Axes
   189 | D:1      | Reached XP level 2. HP: 14/26 MP: 1/1
  1019 | D:2      | Reached skill level 5 in Axes
  1069 | D:2      | Reached ** piety under Trog
  1069 | D:2      | Reached XP level 3. HP: 22/31 MP: 2/2
  1598 | D:2      | Noticed Sigmund
  1610 | D:2      | Reached XP level 4. HP: 19/39 MP: 3/3
  1613 | D:2      | Reached skill level 6 in Axes
  1641 | D:2      | Slain by Sigmund

Vanquished Creatures
  A bullfrog skeleton (D:2)
  An ooze (D:2)
  2 worms (D:2)
  A dart slug (D:1)
  A leopard gecko (D:2)
  2 ball pythons
  A giant cockroach (D:2)
  4 goblins
  4 hobgoblins
  A quokka (D:2)
  5 bats
  2 frilled lizards (D:1)
  4 kobolds (D:1)
  6 rats
35 creatures vanquished.
